 Dungeon Crawl Stone Soup version 0.30-a0-218-gedb9141078 (webtiles) character file.

Game seed: 3608368050783891282

161 KennySheep the Trooper (level 5, -1/55 HPs)
             Began as an Ogre Warper on Oct 5, 2022.
             Slain by a gnoll
             ... wielding a +0 halberd
              (8 damage)
             ... on level 5 of the Dungeon.
             The game lasted 00:05:07 (2507 turns).

KennySheep the Trooper (Ogre Warper)                Turns: 2507, Time: 00:05:08

Health: -1/55      AC:  3    Str: 17    XL:     5   Next: 42%
Magic:  8/8        EV: 10    Int: 14    God:
Gold:   123        SH:  0    Dex: 11    Spells: 6/8 levels left

rFire   . . .      SeeInvis +    u - +9 morningstar of Bankruptcy {elec, *Slow Dex+3 SInv}
rCold   . . .      Faith    .    (no shield)
rNeg    . . .      Spirit   .    b - +0 robe
rPois   .          Reflect  .    (helmet restricted)
rElec   .          Harm     .    (no cloak)
rCorr   .          Rampage  .    (gloves unavailable)
Will    .....                    (boots unavailable)
Stlth   +.........               (no amulet)
HPRegen 0.29/turn                (no ring)
MPRegen 0.11/turn                (no ring)

@: no status effects
A: large, unfitting armour, tough skin 1
a: no special abilities


You were on level 5 of the Dungeon.
You visited 1 branch of the dungeon, and saw 5 of its levels.

You collected 123 gold pieces.

Inventory:

Hand Weapons
 a - a +0 mace
 u - the +9 morningstar of Bankruptcy (weapon) {elec, *Slow Dex+3 SInv}
   (You found it on level 4 of the Dungeon)

   It occasionally discharges a powerful burst of electricity upon striking a
   foe.
   Dex:       It affects your dexterity (+3).
   SInv:      It lets you see invisible.
   *Slow:     It may slow you when you take damage.
Missiles
 d - 6 boomerangs of dispersal (quivered)
Armour
 b - a +0 robe (worn)
Scrolls
 c - a scroll of blinking
 f - a scroll of magic mapping {unknown}
 h - a scroll of poison {unknown}
 k - 4 scrolls of identify {unknown}
 l - a scroll of fog {unknown}
 o - a scroll of teleportation {unknown}
 p - a scroll of torment {unknown}
 r - a scroll of amnesia {unknown}
 s - a scroll of enchant weapon {unknown}
 t - a scroll of summoning {unknown}
Potions
 e - 2 potions of mutation {unknown}
 g - a potion of lignification {unknown}
 i - a potion of flight {unknown}
 j - a potion of cancellation {unknown}
 m - a potion of haste {unknown}
 n - a potion of degeneration {unknown}
 q - a potion of curing {unknown}


   Skills:
 + Level 4.6 Fighting
 * Level 4.2 Maces & Flails
 - Level 1.0 Throwing
 - Level 2.1 Dodging
 - Level 2.4 Spellcasting
 - Level 2.6 Translocations


You had 6 spell levels left.
You knew the following spells:

 Your Spells              Type           Power      Damage    Failure   Level
a - Blink                 Tloc           18%        N/A       12%         2

Your spell library contained the following spells:

 Spells                   Type           Power      Damage    Failure   Level
 Summon Small Mammal      Summ           4%         N/A       22%         1
 Lesser Beckoning         Tloc           18%        N/A       22%         3
 Teleport Other           Tloc           9%         N/A       22%         3
 Vhi's Electric Charge    Tloc/Air       10%        N/A       36%         3
 Call Canine Familiar     Summ           1%         N/A       56%         3
 Summon Guardian Golem    Hex/Summ       1%         N/A       56%         3
 Manifold Assault         Tloc           9%         N/A       58%         4


Dungeon Overview and Level Annotations

Branches:
Dungeon (5/15)
 Temple: D:4-7

Altars:
Dithmenos


Innate Abilities, Weirdness & Mutations

You are too large for most types of armour.
You have tough skin. (AC +1)


Message History

There is an open door here.
You barely miss the gnoll. The gnoll barely misses you.
You impale the gnoll!!
You kill the gnoll!
The gnoll hits you with a +0 club.
Things that are here:
a +0 halberd; 17 gold pieces You puncture the gnoll!
The gnoll is almost dead.
The gnoll hits you with a +0 club.
The gnoll hits you from afar with a +0 halberd!
A gnoll comes into view. It is wielding a +0 spear.
The gnoll closely misses you. The gnoll hits you with a +0 club.
The gnoll shouts!
You sock the gnoll!
You kill the gnoll!
The gnoll completely misses you.
There is an open door here.
The gnoll barely misses you.
There is an open door here.
You barely miss the gnoll.
The gnoll hits you from afar with a +0 spear!
The gnoll hits you but does no damage.
You hit the gnoll.
The gnoll is lightly wounded.
The gnoll hits you from afar with a +0 spear.
* * * LOW HITPOINT WARNING * * *
The gnoll hits you with a +0 halberd.
* * * LOW HITPOINT WARNING * * *
Throw: 7 boomerangs (disperse)
Press: ? - help, Q - select action, (/) - cycle Shift-Dir - straight line, f - gnoll
Aim: a gnoll, wielding a +0 halberd (lightly wounded, 61% to hit)
You throw a boomerang of dispersal.
The boomerang of dispersal barely misses the gnoll.
The boomerang of dispersal barely misses the gnoll.
The gnoll closely misses you.
The gnoll hits you from afar with a +0 spear.
* * * LOW HITPOINT WARNING * * *
The gnoll barely misses you. The gnoll hits you with a +0 halberd!
You die...

#.......##...#.#.
#.......)).......
#......#######.#.
##.....##
#......#####
#>........gg.
#g########### #g#
#####@## #......#
#......# #......#
#......# #...<).+
#......# #......#
#......#


You could see 2 gnolls.

Vanquished Creatures
  Terence (D:3)
  3 adders
  3 gnolls
  A shadow imp (D:5)
  A dart slug (D:2)
  An orc (D:3)
  5 bats
  2 endoplasms
  7 goblins
  6 hobgoblins
  8 jackals
  10 kobolds
  A quokka (D:1)
  5 ball pythons
  7 frilled lizards
  8 rats
69 creatures vanquished.

Notes
Turn   | Place    | Note
-------+----------+-------------------------------------------
     0 | D:1      | KennySheep the Ogre Warper began the quest for the Orb.
     0 | D:1      | Reached XP level 1. HP: 22/22 MP: 3/3
   158 | D:1      | Reached XP level 2. HP: 31/31 MP: 5/5
   183 | D:1      | Learned a level 2 spell: Blink
   453 | D:1      | Reached XP level 3. HP: 35/37 MP: 6/6
  1649 | D:3      | Noticed Terence
  1659 | D:3      | Killed Terence
  1660 | D:3      | Reached XP level 4. HP: 19/48 MP: 7/7
  1809 | D:3      | Found a shadowy altar of Dithmenos.
  2243 | D:4      | Identified the +9 morningstar of Bankruptcy {elec, *Slow
                  | Dex+3 SInv}
  2257 | D:4      | Reached XP level 5. HP: 50/55 MP: 8/8
  2282 | D:4      | Noticed an ogre
  2322 | D:5      | Entered Level 5 of the Dungeon
  2473 | D:5      | Noticed a kobold brigand
  2507 | D:5      | Slain by a gnoll

Illustrated notes

Levels and vault maps discovered:
D:1:      dpeg_arrival_rooms_a, layout_basic
D:2:      layout_basic
D:3:      layout_basic, grunt_dithmenos_smoke_and_mirrors, uniq_terence
D:4:      layout_cave_pools, lemuel_round_altar, minmay_temple_entry_glass,
          serial_shops, nicolae_shop_stone, nicolae_hexahallways, nrook_uturn
D:5:      layout_basic, nicolae_figureground_pulse, uniq_menkaure, uniq_edmund

Skill      XL: |  1  2  3  4  5 |
---------------+----------------+-----
Maces & Flails | 2 3 4 |  4.2
Fighting       | 3 4 |  4.6
Throwing       | |  1.0
Dodging        | |  2.1
Spellcasting   | |  2.4
Translocations | |  2.6

Action                   |  1- 3 |  4- 6 || total
-------------------------+-------+-------++-------
Melee: Mace              |   181 |    50 ||   231
       Punch             |     2 |     1 ||     3
       Morningstar       |       |    12 ||    12
Throw: Boomerang         |       |     1 ||     1
 Cast: Blink             |       |     1 ||     1
Armor: Robe              |    87 |    17 ||   104
Dodge: Dodged            |   113 |    42 ||   155

Table legend: (Time is in decaauts)
 A = Elapsed time spent in this place.
 B = Non-inter-level travel time spent in this place.
 C = Inter-level travel time spent in this place.
 D = Time resting spent in this place.
 E = Time spent auto-exploring this place.
 F = Levels seen in this place.
 G = Mean time per level.
                   A        B        C        D        E       F      G
               +--------+--------+--------+--------+--------+-----+--------+
         Total |   2568 |   2523 |     45 |    103 |   1813 |   5 |  513.6 |
       Dungeon |   2568 |   2523 |     45 |    103 |   1813 |   5 |  513.6 |
               +--------+--------+--------+--------+--------+-----+--------+

Top non-repeatable levels by time:
     D:1: 858 daAuts
     D:2: 814 daAuts
     D:3: 548 daAuts
     D:5: 187 daAuts
     D:4: 160 daAuts
